 Dungeon Crawl Stone Soup version 0.29.1-2-gbd0b4ee654 (webtiles) character file.

Game seed: 11454706292003942604

21 Avanven the Trooper (level 2, 0/27 HPs)
             Began as a Hill Orc Fighter on Nov 6, 2022.
             Slain by a goblin
             ... wielding a +0 dagger
             ... led by Robin
              (2 damage)
             ... on level 2 of the Dungeon.
             The game lasted 00:00:44 (772 turns).

Avanven the Trooper (Hill Orc Fighter)               Turns: 772, Time: 00:00:45

Health: 0/27       AC:  6    Str: 18    XL:     2   Next: 87%
Magic:  2/2        EV:  9    Int:  8    God:
Gold:   31         SH:  4    Dex: 10    Spells: 1/1 levels left

rFire   . . .      SeeInvis .   a - +0 war axe
rCold   . . .      Faith    .   c - +0 buckler
rNeg    . . .      Spirit   .   b - +0 scale mail
rPois   .          Reflect  .   (no helmet)
rElec   .          Harm     .   (no cloak)
rCorr   .          Rampage  .   (no gloves)
Will    .....                   (no boots)
Stlth   ..........              (no amulet)
HPRegen 0.09/turn               (no ring)
MPRegen 0.08/turn               (no ring)

@: mighty
A: no striking features
a: no special abilities


You were on level 2 of the Dungeon.
You visited 1 branch of the dungeon, and saw 2 of its levels.

You collected 31 gold pieces.

Inventory:

Hand Weapons
 a - a +0 war axe (weapon)
Armour
 b - a +0 scale mail (worn)
 c - a +0 buckler (worn)
Scrolls
 e - a scroll of teleportation {unknown}
 f - 2 scrolls of identify {unknown}
 j - a scroll of amnesia {unknown}
Potions
 g - a potion of degeneration {unknown}
 h - a potion of haste {unknown}
 i - a potion of invisibility {unknown}


   Skills:
 + Level 4.1 Fighting
 * Level 3.9 Axes
 - Level 3.2 Armour
 - Level 3.2 Shields


You had one spell level left.
You didn't know any spells.
Your spell library contained the following spells:

 Spells                   Type           Power      Damage    Failure   Level
 Beastly Appendage        Tmut           0%         N/A       87%         1
 Magic Dart               Conj           0%         1d3       87%         1
 Searing Ray              Conj           0%         2d4       95%         2
 Wereblood                Tmut           0%         N/A       95%         2
 Spider Form              Tmut/Pois      0%         N/A       99%         3
 Fulminant Prism          Conj/Hex       0%         3d6       100%        4
 Dispersal                Tloc           0%         N/A       100%        6
 Disjunction              Tloc           0%         N/A       100%        8


Dungeon Overview and Level Annotations

Branches:
Dungeon (2/15)

Altars:

Annotations:
D:2 Robin


Message History

You slash the goblin!
You kill the goblin!
The goblin hits you with a +0 club.
You hit the goblin.
The goblin is moderately wounded.
You hit the goblin but do no damage. You block the goblin's attack.
Robin roars a battlecry!
The goblins go into a battle-frenzy!
The goblin hits you with a +0 club. The goblin hits you with a +0 dagger.
The hobgoblin hits you. The goblin hits you with a +0 club.
A goblin comes into view. It is wielding a +0 club.
You are too injured to fight recklessly!
You are too injured to fight recklessly!
Unknown command.
You are too injured to fight recklessly!
Unknown command.
You are too injured to fight recklessly!
You are too injured to fight recklessly!
You are too injured to fight recklessly!
Unknown command.
You are too injured to fight recklessly!
You feel very mighty all of a sudden. The goblin hits you but does no damage.
The goblin hits you with a +0 club.
The hobgoblin hits you but does no damage.
You slash the hobgoblin!
You kill the hobgoblin!
You barely miss the goblin. x2; You slash the goblin!
You kill the goblin!
The goblin hits you but does no damage. The goblin hits you with a +0 club.
* * * LOW HITPOINT WARNING * * *
You barely miss the goblin.
The goblin is moderately wounded.
You closely miss the goblin. The goblin hits you but does no damage.
A goblin comes into view. It is wielding a +0 club.
The goblin hits you with a +0 club.
* * * LOW HITPOINT WARNING * * *
You closely miss the goblin.
The goblin is moderately wounded.
You closely miss the goblin. The goblin hits you with a +0 dagger.
You die...

#..g..... ..##.
......... ...#.
.........
.....###g.......
#..............
#........g[....
#.....)g)...##
#......@g....#
#.......))#....
#..............
####.#...###.#
#......# ..
#)...#..# .
##..####.# #...#
.#
############..##
.


You could see Robin and 4 goblins.

Vanquished Creatures
  2 ball pythons (D:1)
  2 endoplasms
  7 goblins
  3 hobgoblins
  A bat (D:2)
  A frilled lizard (D:1)
  2 kobolds
  A rat (D:2)
19 creatures vanquished.

Notes
Turn   | Place    | Note
-------+----------+-------------------------------------------
     0 | D:1      | Avanven the Hill Orc Fighter began the quest for the Orb.
     0 | D:1      | Reached XP level 1. HP: 19/19 MP: 1/1
    21 | D:1      | Found a faded altar of an unknown god.
   581 | D:1      | Reached XP level 2. HP: 25/27 MP: 2/2
   766 | D:2      | Noticed Robin
   767 | D:2      | Reached skill level 4 in Fighting
   772 | D:2      | Slain by a goblin

Illustrated notes

Levels and vault maps discovered:
D:1:      heliophobic_arrival_battle_scene, layout_rooms,
          shapermc_ecumenical_altar_venn
D:2:      layout_rooms, serial_shops, nicolae_shop_behind_doors,
          nicolae_shop_window_shopping, shop, uniq_robin, uniq_natasha

Skill      XL: |  1  2 |
---------------+-------+-----
Axes           | 3 |  3.9
Fighting       | 4 |  4.1
Armour         | |  3.2
Shields        | |  3.2

Action                   || total
-------------------------++-------
Melee: War axe           ||    39
  Use: Potion            ||     1
Armor: Scale mail        ||    15
Dodge: Dodged            ||    19
Block: Buckler           ||    13
